BSA
ST. LOUIS BROWNS @ MADISON BOMBERS
08/18/2025
 
TOP OF THE 1ST
St. Louis Browns batting - Pitching for Madison Bombers : RHP Roberto Reyes
Pitching: RHP Roberto Reyes
Batting: LHB Joe Sanders 0-0: Foul Ball, location: 2F
0-1: Ball
1-1: Ball
2-1: SINGLE (Line Drive, 89S)
Batting: LHB Mike Hill 0-0: Fly out, F9 (Flyball, 89D)
Batting: RHB Will Brown 0-0: Ball
1-0: Called Strike
1-1: Ball
2-1: Ball
3-1: Swinging Strike
3-2: Foul Ball, location: 2F
3-2: Strikes out swinging
Batting: LHB Clinton Clark 0-0: Called Strike
0-1: Ball
1-1: Ball
2-1: Swinging Strike
2-2: Foul Ball, location: 2F
2-2: Strikes out swinging
Top of the 1st over - 0 run(s), 1 hit(s), 0 error(s), 1 left on base; St. Louis 0 - Madison 0
BOTTOM OF THE 1ST
Madison Bombers batting - Pitching for St. Louis Browns : RHP Nelson Ortega
Pitching: RHP Nelson Ortega
Batting: LHB Robin Hill 0-0: Ball
1-0: Called Strike
1-1: Ground out 4-3 (Groundball, 4)
Batting: SHB Derek Roach 0-0: Ground out 4-3 (Groundball, 13)
Batting: RHB Sergio Márquez 0-0: Ball
1-0: Ball
2-0: Fly out, F2 (Popup, 2LF)
Bottom of the 1st over - 0 run(s), 0 hit(s), 0 error(s), 0 left on base; St. Louis 0 - Madison 0
TOP OF THE 2ND
St. Louis Browns batting - Pitching for Madison Bombers : RHP Roberto Reyes
Batting: LHB Jorge Torres 0-0: Ball
1-0: Ball
2-0: Ball
3-0: Called Strike
3-1: Ground out 4-3 (Groundball, 4)
Batting: RHB Mario Rosales 0-0: Foul Ball, location: 2F
0-1: Ground out 4-3 (Groundball, 4M)
Batting: LHB Tommy Evans 0-0: Foul Ball, location: 2F
0-1: Swinging Strike
0-2: Strikes out looking
Top of the 2nd over - 0 run(s), 0 hit(s), 0 error(s), 0 left on base; St. Louis 0 - Madison 0
BOTTOM OF THE 2ND
Madison Bombers batting - Pitching for St. Louis Browns : RHP Nelson Ortega
Batting: SHB Michael McDonald 0-0: Foul Ball, location: 2F
0-1: Ball
1-1: Foul Ball, location: 2F
1-2: SINGLE (Line Drive, 34D)
Batting: LHB Sixto Cantú 0-0: Called Strike
0-1: Ball
1-1: Foul Ball, location: 2F
1-2: Strikes out swinging
Batting: LHB José Santos 0-0: Foul Ball, location: 2F
0-1: Ball
1-1: Foul Ball, location: 2F
1-2: Ball
2-2: Foul Ball, location: 2F
2-2: Fielders Choice at 2nd, 4-6 (Groundball, 4)
Batting: SHB Jorge Flores 0-0: Ball
1-0: Ball
2-0: SINGLE (Groundball, 6MD)
José Santos to second
Runner from 2nd tries for 3rd, SAFE, throw made to third
Batting: RHB Pablo Gonzáles 0-0: Foul Ball, location: 2F
0-1: Ball
1-1: Foul Ball, location: 2F
1-2: Strikes out swinging
Bottom of the 2nd over - 0 run(s), 2 hit(s), 0 error(s), 2 left on base; St. Louis 0 - Madison 0
TOP OF THE 3RD
St. Louis Browns batting - Pitching for Madison Bombers : RHP Roberto Reyes
Batting: LHB Víctor Hernández 0-0: Called Strike
0-1: Ball
1-1: Fly out, F8 (Flyball, 8LM)
Batting: LHB Stan Hickman 0-0: Called Strike
0-1: Foul Ball, location: 2F
0-2: Ball
1-2: Strikes out looking
Batting: LHB Joe Sanders 0-0: Ground out 4-3 (Groundball, 4)
Top of the 3rd over - 0 run(s), 0 hit(s), 0 error(s), 0 left on base; St. Louis 0 - Madison 0
BOTTOM OF THE 3RD
Madison Bombers batting - Pitching for St. Louis Browns : RHP Nelson Ortega
Batting: RHB Bailey Ramsey 0-0: Ground out 6-3 (Groundball, 6MS)
Batting: LHB Robin Hill 0-0: Ball
1-0: Ball
2-0: Swinging Strike
2-1: Swinging Strike
2-2: Ground out 5-3 (Groundball, 5S)
Batting: SHB Derek Roach 0-0: Ball
1-0: Called Strike
1-1: Ground out 5-3 (Groundball, 5S)
Bottom of the 3rd over - 0 run(s), 0 hit(s), 0 error(s), 0 left on base; St. Louis 0 - Madison 0
TOP OF THE 4TH
St. Louis Browns batting - Pitching for Madison Bombers : RHP Roberto Reyes
Batting: LHB Mike Hill 0-0: Ball
1-0: Foul Ball, location: 2F
1-1: Ground out 3-1 (Groundball, 34)
Batting: RHB Will Brown 0-0: Foul Ball, location: 2F
0-1: Fly out, F6 (Popup, 6)
Batting: LHB Clinton Clark 0-0: Ball
1-0: Fly out, F2 (Popup, 2LF)
Top of the 4th over - 0 run(s), 0 hit(s), 0 error(s), 0 left on base; St. Louis 0 - Madison 0
BOTTOM OF THE 4TH
Madison Bombers batting - Pitching for St. Louis Browns : RHP Nelson Ortega
Batting: RHB Sergio Márquez 0-0: Called Strike
0-1: Foul Ball, location: 2F
0-2: Ball
1-2: Ball
2-2: Fly out, F8 (Flyball, 8RM)
Batting: SHB Michael McDonald 0-0: SINGLE (Line Drive, 5L)
Batting: LHB Sixto Cantú 0-0: Ball
1-0: Called Strike
1-1: Called Strike
1-2: Foul Ball, location: 2F
1-2: Grounds into double play, U4-3 (Groundball, 4)
Bottom of the 4th over - 0 run(s), 1 hit(s), 0 error(s), 0 left on base; St. Louis 0 - Madison 0
TOP OF THE 5TH
St. Louis Browns batting - Pitching for Madison Bombers : RHP Roberto Reyes
Batting: LHB Jorge Torres 0-0: Ball
1-0: SOLO HOME RUN (Line Drive, 89XD), Distance : 408 ft
Batting: RHB Mario Rosales 0-0: Ball
1-0: SINGLE (Groundball, 6MD)
Batting: LHB Tommy Evans 0-0: Ball
1-0: Called Strike
1-1: Called Strike
Mario Rosales steals 2nd base
1-2: Ground out 3-6 (Groundball, 3)
Mario Rosales to third
Batting: LHB Víctor Hernández 0-0: Ball
1-0: Ball
2-0: SINGLE (Groundball, 34D)
Mario Rosales scores
Batting: LHB Stan Hickman 0-0: Swinging Strike
0-1: Ball
1-1: Ball
2-1: Fly out, F8 (Flyball, 8LD)
Batting: LHB Joe Sanders 0-0: Foul Ball, location: 2F
0-1: Swinging Strike
0-2: Ball
1-2: Fly out, F7 (Flyball, 7M)
Top of the 5th over - 2 run(s), 3 hit(s), 0 error(s), 1 left on base; St. Louis 2 - Madison 0
BOTTOM OF THE 5TH
Madison Bombers batting - Pitching for St. Louis Browns : RHP Nelson Ortega
Batting: LHB José Santos 0-0: Swinging Strike
0-1: Called Strike
0-2: Ball
1-2: Ball
2-2: Foul Ball, location: 2F
2-2: Foul Ball, location: 2F
2-2: Strikes out swinging
Batting: SHB Jorge Flores 0-0: Called Strike
0-1: Called Strike
0-2: Strikes out swinging
Batting: RHB Pablo Gonzáles 0-0: Swinging Strike
0-1: Ground out 1-3 (Groundball, 15)
Bottom of the 5th over - 0 run(s), 0 hit(s), 0 error(s), 0 left on base; St. Louis 2 - Madison 0
TOP OF THE 6TH
St. Louis Browns batting - Pitching for Madison Bombers : RHP Roberto Reyes
Batting: LHB Mike Hill 0-0: Called Strike
0-1: Ball
1-1: Foul Ball, location: 2F
1-2: Ball
2-2: Ball
3-2: Ground out U3 (Groundball, 3S)
Batting: RHB Will Brown 0-0: SINGLE (Line Drive, 4M)
Batting: LHB Clinton Clark 0-0: Ball
1-0: Fly out, F8 (Flyball, 8LS)
Batting: LHB Jorge Torres 0-0: Ground out 4-3 (Groundball, 4)
Top of the 6th over - 0 run(s), 1 hit(s), 0 error(s), 1 left on base; St. Louis 2 - Madison 0
BOTTOM OF THE 6TH
Madison Bombers batting - Pitching for St. Louis Browns : RHP Nelson Ortega
Batting: RHB Bailey Ramsey 0-0: Called Strike
0-1: Ground out 6-3 (Groundball, 6M)
Batting: LHB Robin Hill 0-0: Fly out, F6 (Line Drive, 6M)
Batting: SHB Derek Roach 0-0: Ball
1-0: Ground out 3-1 (Groundball, 34)
Bottom of the 6th over - 0 run(s), 0 hit(s), 0 error(s), 0 left on base; St. Louis 2 - Madison 0
TOP OF THE 7TH
St. Louis Browns batting - Pitching for Madison Bombers : RHP Roberto Reyes
Batting: RHB Mario Rosales 0-0: Ball
1-0: Called Strike
1-1: Swinging Strike
1-2: Ball
2-2: Ball
3-2: Fly out, F8 (Flyball, 8LXD)
Batting: LHB Tommy Evans 0-0: Called Strike
0-1: Called Strike
0-2: Strikes out swinging
Batting: LHB Víctor Hernández 0-0: Called Strike
0-1: Foul Ball, location: 2F
0-2: Foul Ball, location: 2F
0-2: Ball
1-2: Ball
2-2: Foul Ball, location: 2F
2-2: Strikes out swinging
Top of the 7th over - 0 run(s), 0 hit(s), 0 error(s), 0 left on base; St. Louis 2 - Madison 0
BOTTOM OF THE 7TH
Madison Bombers batting - Pitching for St. Louis Browns : RHP Nelson Ortega
Batting: RHB Sergio Márquez 0-0: Ground out 1-3 (Groundball, 13S)
Batting: SHB Michael McDonald 0-0: Ball
1-0: Swinging Strike
1-1: Ball
2-1: Called Strike
2-2: Ground out 4-3 (Groundball, 34)
Batting: LHB Sixto Cantú 0-0: Swinging Strike
0-1: Swinging Strike
0-2: Ball
1-2: Strikes out swinging
Bottom of the 7th over - 0 run(s), 0 hit(s), 0 error(s), 0 left on base; St. Louis 2 - Madison 0
TOP OF THE 8TH
St. Louis Browns batting - Pitching for Madison Bombers : RHP Roberto Reyes
Batting: LHB Stan Hickman 0-0: Called Strike
0-1: Ball
1-1: Ball
2-1: Swinging Strike
2-2: Ground out 4-3 (Groundball, 4)
Batting: LHB Joe Sanders 0-0: Called Strike
0-1: Ground out U3 (Groundball, 3L)
Batting: LHB Mike Hill 0-0: Called Strike
0-1: Ball
1-1: Foul Ball, location: 2F
1-2: Ball
2-2: Strikes out swinging
Top of the 8th over - 0 run(s), 0 hit(s), 0 error(s), 0 left on base; St. Louis 2 - Madison 0
BOTTOM OF THE 8TH
Madison Bombers batting - Pitching for St. Louis Browns : RHP Nelson Ortega
Batting: LHB José Santos 0-0: Called Strike
0-1: SINGLE (Line Drive, 9S)
Batting: SHB Jorge Flores 0-0: Ball
1-0: Called Strike
1-1: Called Strike
1-2: Strikes out swinging
Batting: RHB Pablo Gonzáles 0-0: Ball
1-0: Fly out, F3 (Line Drive, 3S)
Batting: RHB Bailey Ramsey 0-0: Ball
1-0: Ground out 4-3 (Groundball, 34)
Bottom of the 8th over - 0 run(s), 1 hit(s), 0 error(s), 1 left on base; St. Louis 2 - Madison 0
TOP OF THE 9TH
St. Louis Browns batting - Pitching for Madison Bombers : RHP Roberto Reyes
Batting: RHB Will Brown 0-0: Called Strike
0-1: Ball
1-1: Swinging Strike
1-2: Foul Ball, location: 2F
1-2: Strikes out swinging
Batting: LHB Clinton Clark 0-0: Ball
1-0: Ground out 4-3 (Groundball, 4M)
Batting: LHB Jorge Torres 0-0: Ball
1-0: Called Strike
1-1: Foul Ball, location: 2F
1-2: Ground out 1-3 (Groundball, 15)
Top of the 9th over - 0 run(s), 0 hit(s), 0 error(s), 0 left on base; St. Louis 2 - Madison 0
BOTTOM OF THE 9TH
Madison Bombers batting - Pitching for St. Louis Browns : RHP Nelson Ortega
Batting: LHB Robin Hill 0-0: Ball
1-0: Ground out 3-1 (Groundball, 34)
Batting: SHB Derek Roach 0-0: Ball
1-0: Ball
2-0: Ball
3-0: Base on Balls
Pitching: LHP Brent Miller
Batting: RHB Sergio Márquez 0-0: Called Strike
0-1: Ball
1-1: Fly out, F3 (Popup, 3L)
Batting: SHB Michael McDonald 0-0: Swinging Strike
0-1: Ball
1-1: Ball
2-1: Called Strike
2-2: Strikes out looking
Bottom of the 9th over - 0 run(s), 0 hit(s), 0 error(s), 1 left on base; St. Louis 2 - Madison 0
This league is powered by Out of the Park Baseball, the baseball management simulation game for PC, Mac and Linux
Tuesday, August 2nd, 2016 - OOTP Baseball 16.8 Build 38